 Dungeon Crawl Stone Soup version 0.19-a0-1891-ge1d1fe8 (webtiles) character file.

16562 Minion the Cleaver (level 12, -2/108 HPs)
             Began as a Minotaur Fighter on Oct 18, 2016.
             Was a High Priest of Okawaru.
             Engulfed by a fire crab's flame (15 damage)
             ... on level 3 of the Lair of Beasts.
             The game lasted 00:35:24 (15376 turns).

Minion the Cleaver (Minotaur Fighter)              Turns: 15376, Time: 00:35:24

Health: -2/108     AC: 25    Str: 25    XL:     12   Next: 11%
Magic:  8/13       EV: 11    Int:  5    God:    Okawaru [*****.]
Gold:   1100       SH:  0    Dex: 11    Spells: 0 memorised, 11 levels left

rFire  . . .     SeeInvis .     q - +0 demon trident (freeze)
rCold  . . .     Gourm    +     Q - +1 plate armour {rPois}
rNeg   + . .     Faith    .     (no shield)
rPois  +         Spirit   .     (helmet restricted)
rElec  .         Reflect  .     P - +2 cloak {+Inv}
rCorr  .         Harm     .     U - +2 pair of gloves
MR     +....                    O - +1 pair of boots
Stlth  ..........               w - amulet of the gourmand
                                N - ring of positive energy
                                r - ring of protection from magic

@: finesse, slowed, very slow
A: retaliatory headbutt, horns 2
a: Heroism, Finesse, Renounce Religion, Evoke Invisibility


You were on level 3 of the Lair of Beasts.
You worshipped Okawaru.
Okawaru was extremely pleased with you.
You were very full.

You visited 2 branches of the dungeon, and saw 14 of its levels.

You collected 1100 gold pieces.

Inventory:

Hand Weapons
 a - a +0 war axe
 q - a +0 demon trident of freezing (weapon)
Armour
 A - +0 fire dragon scales
 D - the +1 leather armour "Nygu" {+Blink rC+ Dex+4}
   (You found it on level 5 of the Dungeon)

   It affects your dexterity (+4).
   It protects you from cold.
   It lets you blink.
 O - a +1 pair of boots (worn)
 P - a +2 cloak of invisibility (worn)
 Q - a +1 plate armour of poison resistance (worn)
 U - a +2 pair of gloves (worn)
Jewellery
 r - a ring of protection from magic (left hand)
 w - an amulet of the gourmand (around neck)
 N - a ring of positive energy (right hand)
 S - an uncursed ring of wizardry {unknown}
 T - a cursed ring of loudness {unknown}
Wands
 b - a wand of iceblast (11/15)
 s - a wand of enslavement (12/24)
 B - a wand of disintegration (20/24)
 R - a wand of iceblast (10/15)
 V - a wand of flame (37/48)
Scrolls
 e - 2 scrolls of noise
 k - a scroll of fear
 l - 14 scrolls of identify
 t - 8 scrolls of teleportation
 y - 4 scrolls of amnesia
 C - 5 scrolls of magic mapping {unknown}
 E - 3 scrolls of recharging
 G - 2 scrolls of enchant weapon {unknown}
 H - a scroll of random uselessness {unknown}
 I - 3 scrolls of enchant armour {unknown}
 L - 3 scrolls of fog
 M - a scroll of remove curse
Potions
 d - 9 potions of might
 h - 2 potions of flight
 i - 2 potions of magic {unknown}
 j - 2 potions of cure mutation {unknown}
 m - 5 potions of lignification {unknown}
 n - a potion of berserk rage {unknown}
 o - a potion of agility {unknown}
 u - a potion of curing
 x - a potion of haste
 z - a potion of heal wounds {unknown}
 F - a potion of mutation {unknown}
Books
 v - a book of Changes

   Spells                             Type                      Level
   a - Beastly Appendage              Transmutation                1
   b - Sticks to Snakes               Transmutation                2
   c - Spider Form                    Transmutation/Poison         3
   d - Ice Form                       Ice/Transmutation            4
   e - Blade Hands                    Transmutation                5
 J - a book of Maledictions

   Spells                             Type                      Level
   a - Corona                         Hexes                        1
   b - Ensorcelled Hibernation        Hexes/Ice                    2
   c - Confuse                        Hexes                        3
   d - Tukima's Dance                 Hexes                        3
   e - Dazzling Spray                 Conjuration/Hexes            3
Comestibles
 c - 2 slices of pizza
 f - 10 bread rations
 g - 12 meat rations
 p - 2 beef jerkies
 K - 4 fruits


   Skills:
 + Level 10.7 Fighting
 * Level 14.6 Axes
 + Level 10.5 Armour
 + Level 9.2 Dodging
   Level 3.6 Shields
 - Level 3.8 Invocations
 - Level 2.4 Evocations


You had 11 spell levels left.
You didn't know any spells.

Dungeon Overview and Level Annotations

Branches:
Dungeon (11/15)            Temple (0/1) D:6            Lair (3/6) D:11
    Orc (0/2) D:11
  Swamp: Lair:2-4    Shoals: Lair:2-4     Snake: Lair:2-4    Spider: Lair:2-4

Altars:
Cheibriados
Dithmenos
Kikubaaqudgha
Makhleb
Nemelex Xobeh
Okawaru
Yredelemnul


Innate Abilities, Weirdness & Mutations

You reflexively headbutt those who attack you in melee.
You have a pair of horns on your head.


Message History

* * * LOW HITPOINT WARNING * * *
The fire crab bites you.
* * * LOW HITPOINT WARNING * * *
You are engulfed in flames!
* * * LOW HITPOINT WARNING * * *
The fire crab barely misses you.
You feel better.
The fire crab bites you but does no damage.
The fire crab claws you but does no damage.
The fire crab breathes flames at you. The blast of flame engulfs you!
You impale the fire crab!! You freeze the fire crab!
The fire crab is heavily wounded.
You are engulfed in roaring flames.
* * * LOW HITPOINT WARNING * * *
You puncture the fire crab! You freeze the fire crab.
Your headbutt misses the fire crab.
The fire crab is severely wounded.
You are engulfed in roaring flames.
You die...

#. .... .P#.. ..###..#
..... ....... .#...
#.#..P P ..... . #...#
..#. .###. #.# #?.# ...#.
##..
P#+P.#..######..#........
.......§t#§##.##.#.......
.......§@§...............
.......§§§...............
.........§...............
.................>.......
P.#...........##........#
P#........##P..#.#......#
.P.......##....#........
P...........)...#.....#.
.........#.............


You could see a fire crab.

Vanquished Creatures
  2 hydras
  Erica (D:9)
  Urug (D:11)
  An unseen horror (D:10)
  2 hill giants
  Pikel (D:4)
  An ugly thing (D:11)
  A cyclops (D:11)
  A gargoyle (D:11)
  6 komodo dragons
  A centaur skeleton (D:11)
  A rime drake (Lair:3)
  A merfolk (D:9)
  2 hornets
  3 trolls
  Prince Ribbit (D:5)
  A two-headed ogre (D:8)
  2 hippogriffs
  Sigmund (D:4)
  3 wyverns
  A basilisk (D:11)
  Grum (D:10)
  2 hungry ghosts (D:7)
  5 water moccasins
  Duvessa (D:7)
  A porcupine (Lair:1)
  2 ice beasts
  A sky beast (D:9)
  An orc warrior (D:9)
  3 phantoms
  A necrophage (D:5)
  2 wolves (D:10)
  4 ogres
  4 centaurs
  7 crocodiles
  A big kobold (D:11)
  7 bullfrogs
  2 gnoll sergeants
  Dowan (D:7)
  2 scorpions
  12 killer bees
  3 wights (D:8)
  A howler monkey (D:5)
  4 crimson imps
  A bullfrog zombie (D:11)
  4 hounds
  2 jellies
  Crazy Yiuf (D:7)
  A bullfrog skeleton (D:11)
  3 orc priests
  5 orc wizards
  Ijyb (D:2)
  12 iguanas
  4 worker ants
  A hound skeleton (D:9)
  2 worker ant zombies
  17 gnolls
  2 river rats (D:11)
  14 adders
  2 shadow imps (D:6)
  2 oozes
  An adder skeleton (D:5)
  3 worms
  2 dart slugs
  6 leopard geckos
  33 orcs
  2 ball pythons
  4 bats
  6 giant cockroaches
  2 hobgoblins (D:1)
  25 jackals
  5 quokkas
  6 frilled lizards
  9 goblins
  A jackal skeleton (D:4)
  9 kobolds
  2 leopard gecko zombies (D:5)
  6 rats
298 creatures vanquished.

Vanquished Creatures (others)
  Sonja (Lair:3)
  A human (D:4)
  A hound (D:4)
  A fungus (D:11)
4 creatures vanquished.

Grand Total: 302 creatures vanquished

Notes
Turn   | Place    | Note
-------+----------+-------------------------------------------
     0 | D:1      | Minion the Minotaur Fighter began the quest for the Orb.
     0 | D:1      | Reached XP level 1. HP: 19/19 MP: 0/0
   294 | D:1      | Reached XP level 2. HP: 20/27 MP: 1/1
   627 | D:1      | Reached skill level 3 in Axes
   984 | D:2      | Reached XP level 3. HP: 33/33 MP: 2/2
   992 | D:2      | Found a faded altar of an unknown god.
  1084 | D:2      | Found a sparkling altar of Nemelex Xobeh.
  1118 | D:2      | Found a shadowy altar of Dithmenos.
  1121 | D:2      | Reached skill level 1 in Dodging
  1362 | D:2      | Noticed Ijyb
  1373 | D:2      | Killed Ijyb
  1373 | D:2      | Reached skill level 4 in Axes
  1373 | D:2      | Reached XP level 4. HP: 39/40 MP: 3/3
  1505 | D:2      | Found an iron altar of Okawaru.
  1509 | D:2      | Became a worshipper of Warmaster Okawaru
  1693 | D:3      | Reached XP level 5. HP: 47/47 MP: 4/4
  2217 | D:4      | Found a basalt altar of Yredelemnul.
  2277 | D:4      | Noticed a phantom
  2291 | D:4      | Killed a phantom
  2291 | D:4      | Reached * piety under Okawaru
  2291 | D:4      | Reached skill level 5 in Fighting
  2291 | D:4      | Reached skill level 5 in Axes
  2291 | D:4      | Reached XP level 6. HP: 43/56 MP: 5/5
  2350 | D:4      | Reached skill level 5 in Armour
  2566 | D:4      | Noticed Pikel
  2567 | D:4      | Noticed a slave
  2568 | D:4      | Noticed a slave
  2568 | D:4      | Noticed a slave
  2569 | D:4      | Noticed a slave
  2576 | D:4      | Killed Pikel
  2576 | D:4      | Reached ** piety under Okawaru
  2576 | D:4      | Reached skill level 6 in Axes
  2576 | D:4      | Reached XP level 7. HP: 62/62 MP: 6/6
  2644 | D:4      | Noticed Sigmund
  2660 | D:4      | Killed Sigmund
  2660 | D:4      | Reached *** piety under Okawaru
  2660 | D:4      | Reached skill level 7 in Axes
  2907 | D:4      | Found an ancient bone altar of Kikubaaqudgha.
  2908 | D:4      | Noticed a human
  2911 | D:4      | Killed a human
  3170 | D:5      | Entered Level 5 of the Dungeon
  3377 | D:5      | Got a steaming leather armour
  3388 | D:5      | Identified the cursed +1 leather armour "Nygu" {+Blink rC+ Dex+4} (You found it on level 5 of the Dungeon)
  3468 | D:5      | Reached XP level 8. HP: 70/70 MP: 7/7
  3705 | D:5      | Noticed Prince Ribbit
  3718 | D:5      | Killed Prince Ribbit
  3820 | D:5      | Reached skill level 8 in Axes
  4041 | D:5      | Reached skill level 5 in Dodging
  4288 | D:6      | Found a snail-covered altar of Cheibriados.
  4593 | D:6      | Found a burning altar of Makhleb.
  4639 | D:6      | Reached **** piety under Okawaru
  4800 | D:6      | Received a gift from Okawaru
  4800 | D:6      | Reached skill level 9 in Axes
  4994 | D:6      | Noticed a hornet
  5003 | D:6      | Killed a hornet
  5003 | D:6      | Reached XP level 9. HP: 69/79 MP: 8/8
  5317 | D:6      | Found a staircase to the Ecumenical Temple.
  5968 | D:7      | Found a runed door.
  6140 | D:7      | Noticed Dowan
  6141 | D:7      | Noticed Duvessa
  6152 | D:7      | Killed Duvessa
  6160 | D:7      | Killed Dowan
  6160 | D:7      | Reached skill level 10 in Axes
  6591 | D:7      | Noticed Crazy Yiuf
  6608 | D:7      | Killed Crazy Yiuf
  7946 | D:8      | Reached skill level 11 in Axes
  8275 | D:8      | Reached XP level 10. HP: 62/90 MP: 9/9
  8416 | D:9      | Reached ***** piety under Okawaru
  8908 | D:9      | Noticed Erica
  8928 | D:9      | Killed Erica
  8928 | D:9      | Reached skill level 1 in Invocations
  9646 | D:9      | Noticed a hill giant
  9654 | D:9      | Killed a hill giant
  9874 | D:9      | Received a gift from Okawaru
  9912 | D:9      | Reached skill level 12 in Axes
 10521 | D:10     | Entered Level 10 of the Dungeon
 10538 | D:10     | Killed an unseen horror
 10538 | D:10     | Reached skill level 1 in Evocations
 10787 | D:10     | Noticed Grum
 10795 | D:10     | Killed Grum
 10799 | D:10     | Reached XP level 11. HP: 93/97 MP: 12/12
 10894 | D:10     | Noticed a hill giant
 10905 | D:10     | Killed a hill giant
 11157 | D:11     | Found a staircase to the Lair.
 11194 | D:11     | Reached skill level 13 in Axes
 11394 | D:11     | Noticed a white ugly thing
 11406 | D:11     | Killed a white ugly thing
 11645 | D:11     | Found a staircase to the Orcish Mines.
 11662 | D:11     | Noticed Urug
 11677 | D:11     | Killed Urug
 12315 | D:11     | Reached skill level 10 in Fighting
 12322 | D:11     | Received a gift from Okawaru
 12736 | Lair:1   | Entered Level 1 of the Lair of Beasts
 12777 | Lair:1   | You fall through a shaft!
 12786 | Lair:2   | Reached skill level 10 in Armour
 13211 | Lair:1   | Reached skill level 14 in Axes
 14144 | Lair:2   | Noticed a six-headed hydra
 14154 | Lair:2   | Killed a six-headed hydra
 14932 | Lair:3   | Reached XP level 12. HP: 89/107 MP: 13/13
 15063 | Lair:3   | Noticed a seven-headed hydra
 15077 | Lair:3   | Killed a seven-headed hydra
 15361 | Lair:3   | Noticed Sonja
 15372 | Lair:3   | Killed Sonja
 15376 | Lair:3   | Engulfed by a fire crab's flame

Vault maps used:
D:1:      dpeg_arrival_arbitrary_a
D:2:      minmay_wonky_spiral, grunt_dithmenos_smoke_and_mirrors,
          marbit_many_paths, ecumenical_altar_2, nemelex_spade_bored_becter,
          uniq_iyjb
D:3:      first_bread
D:4:      yredelemnul_altar_generic, serial_column_ruins, column_ruins_grid_1,
          column_ruins_grid_3, column_ruins_columns_T,
          column_ruins_columns_straight, column_ruins_open_medium,
          column_ruins_grid_1, column_ruins_grid_1, tgw_kikubaaqudgha,
          uniq_pikel, uniq_sigmund
D:5:      uniq_prince_ribbit1
D:6:      kennysheep_slug_shrine, kennysheep_mini
D:7:      uniq_crazy_yiuf_cottage, uniq_duvessa
D:9:      hangedman_fish_farm, uniq_erica
D:10:     kennysheep_decorative_pillar, uniq_grum
D:11:     minmay_lair_entry_grove, orc_0_dummy, uniq_urug
Lair:1:   serial_bayou_shore_a
Lair:2:   grunt_megastairs_5
Lair:3:   uniq_sonja

Skill      XL: |  1  2  3  4  5  6  7  8  9 10 11 |
---------------+----------------------------------+-----
Armour         | 4 5 6 7 8 9 10 | 10.5
Axes           | 3 4 5 6 7 9 11 12 14 | 14.6
Dodging        | 1 2 3 4 5 6 7 9 |  9.2
Fighting       | 4 5 6 7 8 9 10 | 10.7
Invocations    | 3 |  3.8
Evocations     | 1 2 |  2.4
Shields        | |  3.6

Action                   |  1- 3 |  4- 6 |  7- 9 | 10-12 || total
-------------------------+-------+-------+-------+-------++-------
Melee: War axe           |    74 |    99 |   305 |   243 ||   721
       Headbutt          |    10 |    19 |    61 |   114 ||   204
       Punch             |       |       |     1 |       ||     1
       Demon trident     |       |       |       |   177 ||   177
Invok: Heroism           |       |       |     2 |     6 ||     8
       Finesse           |       |       |       |     1 ||     1
  Use: Scroll            |       |       |    11 |     1 ||    12
       Potion            |       |       |       |     2 ||     2
  Eat: Chunk             |     1 |     4 |    32 |    22 ||    59
       Bread ration      |       |       |     1 |       ||     1
Armor: Scale mail        |    40 |    27 |       |       ||    67
       Fire dragon scale |       |    18 |    20 |       ||    38
       Leather armour    |       |       |    52 |    52 ||   104
       Plate armour      |       |       |       |    88 ||    88
Dodge: Dodged            |    47 |    64 |   215 |   254 ||   580
